 Dungeon Crawl Stone Soup version 0.30.1-4-g462c640d31 (webtiles) character file.

Game seed: 9256891610806143095

115665 Amplified the Severer (level 16, -2/130 (132) HPs)
             Began as a Demonspawn Delver on Sept 9, 2023.
             Was an Initiate of Gozag.
             Slain by a grey draconian monk (3 damage)
             ... summoned by old memories
             ... in a wizard's laboratory.
             The game lasted 00:32:32 (20367 turns).

Amplified the Severer (Demonspawn Delver)          Turns: 20367, Time: 00:32:32

HP:   -2/130 (132)  AC: 34    Str: 16    XL:     16   Next: 19%
MP:   16/16         EV: 15    Int: 15    God:    Gozag
Gold: 491           SH:  4    Dex: 23    Spells: 4/15 levels left

rFire   . . .        Q - +10 battleaxe "Amplified's Doom" {heavy, Fly rElec}
rCold   + . .        (shield currently unavailable)
rNeg    . . .        I - +4 plate armour of the Weaver {rElec rC+}
rPois   .            f - +2 helmet
rElec   +            U - +0 cloak {rCorr}
rCorr   +            J - +2 pair of gloves of Ilaisus {Will+}
SInv    .            (boots unavailable)
Will    +++..        A - amulet of regeneration Stlth
                     D - +5 ring of evasion
HPRegen 1.21/turn    E - ring "Jutiz" {rElec Will+ Dex+7}
MPRegen 0.15/turn

%: no passive effects
@: mighty, flying, lightly drained
A: hooves 3, thin metallic scales 1, icemail 1, spiny 2, condensation shield
a: Renounce Religion, Potion Petition, Call Merchant, Bribe Branch


You were in a wizard's laboratory.
You worshipped Gozag.
Gozag was aware of your devotion.
You visited 5 branches of the dungeon, and saw 24 of its levels.
You also visited: Ice Cave, Volcano and Wizlab.

You collected 8496 gold pieces.
You spent 4119 gold pieces at shops.
You paid 3886 gold pieces to Gozag.

Inventory:

Hand Weapons
 u - a +2 battleaxe of flaming
 Q - the +10 battleaxe "Amplified's Doom" (weapon) {heavy, Fly rElec}
   (You bought it in a shop on level 2 of the Dungeon)

   rElec:     It insulates you from electricity.
   Fly:       It grants you flight.
Missiles
 d - 41 poisoned darts
 h - 12 boomerangs
 s - 3 throwing nets (quivered)
 P - 5 curare-tipped darts
Armour
 f - a +2 helmet (worn)
 t - a +2 crystal plate armour of cold resistance
 B - the +0 ring mail of Ilidauk {Str+5 Int+3 Dex+2}
   (You found it on level 4 of the Dungeon)

   Str:       It affects your strength (+5).
   Int:       It affects your intelligence (+3).
   Dex:       It affects your dexterity (+2).
 C - a +4 ring mail of fire resistance
 I - the +4 plate armour of the Weaver (worn) {rElec rC+}
   (You bought it in a shop on level 11 of the Dungeon)

   rC:        It protects you from cold.
   rElec:     It insulates you from electricity.
 J - the +2 pair of gloves of Ilaisus (worn) {Will+}
   (You bought it in a shop on level 11 of the Dungeon)

   Will:      It increases your willpower.
 U - a +0 cloak of preservation (worn)
Jewellery
 l - a ring of protection from cold
 r - a ring of protection from fire
 y - an amulet of reflection
 A - an amulet of regeneration (around neck)
 D - a +5 ring of evasion (left hand)
 E - the ring "Jutiz" (right hand) {rElec Will+ Dex+7}
   (You found it in an ice cave)

   [ring of willpower]

   Dex:       It affects your dexterity (+7).
   rElec:     It insulates you from electricity.
   Will:      It increases your willpower.
 N - an amulet of the acrobat
 O - a ring of see invisible
Wands
 b - a wand of polymorph (9)
 g - a wand of digging (9)
 G - a wand of charming (3)
 H - a wand of flame (23)
Scrolls
 a - 3 scrolls of magic mapping
 c - 7 scrolls of fog
 e - 4 scrolls of fear
 j - a scroll of summoning
 z - 22 scrolls of teleportation
 F - 2 scrolls of blinking
 M - 5 scrolls of amnesia
 T - 3 scrolls of identify
Potions
 i - 5 potions of ambrosia
 k - 5 potions of mutation
 n - 14 potions of curing
 o - a potion of heal wounds
 p - 2 potions of attraction
 q - a potion of might
 v - 11 potions of brilliance
 x - 7 potions of lignification
 L - a potion of magic
 R - 2 potions of haste
 W - a potion of cancellation
Miscellaneous
 m - a lightning rod (4/4)
 V - a condenser vane (inert)


   Skills:
 * Level 13.9 Fighting
 - Level 1.4(2.0) Short Blades
 - Level 1.9(2.2) Long Blades
 * Level 15.5 Axes
 * Level 12.7 Armour
 - Level 9.0 Dodging
 - Level 5.3 Stealth
 - Level 11.6 Hexes


You had 4 spell levels left.
You knew the following spells:

 Your Spells              Type           Power      Damage    Failure   Level
a - Slow                  Hex            100%       N/A       5%          1
b - Confusing Touch       Hex            34%        N/A       16%         3
c - Cause Fear            Hex            17%        N/A       47%         4
d - Gell's Gravitas       Tloc           0%         N/A       100%        3

Your spell library contained the following spells:

 Spells                   Type           Power      Damage    Failure   Level
 Tukima's Dance           Hex            34%        N/A       16%         3
 Portal Projectile        Hex/Tloc       34%        N/A       87%         3
 Fulminant Prism          Conj/Hex       8%         3d7       99%         4
 Lesser Beckoning         Tloc           0%         N/A       100%        2
 Frozen Ramparts          Ice            0%         1d1       100%        3
 Teleport Other           Tloc           0%         N/A       100%        3
 Vampiric Draining        Necr           0%         2d6       100%        3
 Volatile Blastmotes      Fire/Tloc      0%         2d10      100%        3
 Ice Form                 Ice/Tmut       0%         N/A       100%        4
 Iskenderun's Mystic Bla  Conj/Tloc      0%         2d3       100%        4
 Summon Ice Beast         Ice/Summ       0%         N/A       100%        4
 Blade Hands              Tmut           0%         N/A       100%        5
 Irradiate                Conj/Tmut      0%         3d11      100%        5
 Lee's Rapid Deconstruct  Erth           0%         3d4*      100%        5
 Dragon Form              Tmut           0%         N/A       100%        7
 Dragon's Call            Summ           0%         N/A       100%        9


Dungeon Overview and Level Annotations

Branches:
Dungeon (15/15)            Temple (1/1) D:7            Lair (5/5) D:9
 Shoals (0/4) Lair:3        Snake (0/4) Lair:2        Slime (0/5) Lair:5
    Orc (2/2) D:11            Elf (1/3) Orc:2        Vaults (0/5) D:13
 Depths (0/4) D:15          IceCv (visited)         Volcano (visited)
 WizLab (1/1)

Altars:
Ashenzari
Cheibriados
Dithmenos
Fedhas
Gozag
Hepliaklqana
Kikubaaqudgha
Makhleb
Nemelex Xobeh
Okawaru
Qazlal
Ru
Sif Muna
Trog
Uskayaw
Vehumet
Wu Jian
Xom
Yredelemnul
Jiyva

Shops:
D:2 ((!   D:11 [[   D:13 [   D:14 *   D:15 ?   Orc:2 [(*:   Elf:1 :   Lair:1 [

Annotations:
Lair:2 1 runed translucent door, Coelui Ibad's ghost, journeyman MiBe


Innate Abilities, Weirdness & Mutations

You have hooves in place of feet.
You are partially covered in thin metallic scales. (AC +2)
A meltable icy envelope protects you from harm. (AC +4)
You are mostly covered in sharp spines.
A meltable shield of frost defends you. (SH +4)


Message History

You slice the grey draconian monk!!
Your kick misses the grey draconian monk.
The grey draconian monk is severely wounded.
You closely miss the deep troll. You slash the grey draconian monk!
You block the deep troll's attack.
The deep troll claws you but does no damage.
The deep troll claws you. The grey draconian monk hits you!
The grey draconian monk kicks you but does no damage.
The grey draconian monk tail-slaps you but does no damage. x2
You block the grey draconian monk's attack.
The grey draconian monk completely misses you.
The grey draconian monk tail-slaps you but does no damage. x2
You slash the grey draconian monk!
You kick the grey draconian monk, but do no damage.
The grey draconian monk is almost dead.
You slice the deep troll!!
You closely miss the grey draconian monk.
The deep troll is struck by your spines.
The deep troll bites you!
* * * LOW HITPOINT WARNING * * *
The deep troll claws you but does no damage.
The deep troll misses you. The grey draconian monk hits you!!
* * * LOW HITPOINT WARNING * * *
You block the grey draconian monk's attack.
The grey draconian monk tail-slaps you but does no damage.
The grey draconian monk closely misses you.
The grey draconian monk hits you but does no damage.
The grey draconian monk kicks you but does no damage.
The grey draconian monk barely misses you.
The grey draconian monk closely misses you.
You block the grey draconian monk's attack.
The grey draconian monk kicks you but does no damage.
The grey draconian monk tail-slaps you.
* * * LOW HITPOINT WARNING * * *
The grey draconian monk barely misses you.
The grey draconian monk hits you!
* * * LOW HITPOINT WARNING * * *
The grey draconian monk kicks you.
You die...
Your body crumbles into a pile of gold.

,,,,,,,,,,,,,,**,,,**,**,,,*
8,,,,,,,,,,,8,*,,,,,*+*,,,,*
,,,,,,,,,,,,,,**,,,,,,,,,,,*
,,,8,,,,,8,,,,*,,,,,,,,,,,,*
,,,,,,,,,,,,,***,,,,,,,,,,**
***,,,,,,,**** ##+##,,,,,,,*
,,***+++***,,*##...##,,,,,,*
,,,*,,,,,*,,,,#T.q..#,,,,,**
,,,,,,,,,,,,,*#.@...#*,,***
#################q###*++**
.............###...##,,,,**
..............'.....+,,,,,*
..###'''###..###...##,,,,**
###♣....♣♣#### #####******
♣♣♣.......♣******
♣...........♣,*,*
......8........,******


You could see 2 draconians and a deep troll (summoned).

Vanquished Creatures
  Agnes (D:15)
  A deep elf sorcerer (Elf:1)
  Louise (D:15)
  The ghost of Amplified the Fighter, a journeyman DsRe of Ashenzari (D:14)
  2 frost giants (IceCv)
  3 orc warlords
  A white draconian (IceCv)
  An ettin (Orc:1)
  A fire dragon (D:15)
  Josephine (D:11)
  7 vault guards (D:13)
  9 hydras
  Fannar (D:10)
  3 ice dragons
  3 centaur warriors
  An anaconda (Lair:5)
  An alligator (Lair:5)
  3 ironbound frosthearts (IceCv)
  2 catoblepae (Lair:5)
  7 boulder beetles
  3 death yaks (Lair:5)
  2 two-headed ogres
  2 dancing weapons (Orc:2)
  2 tengu warriors (D:14)
  Urug (D:12)
  An orc high priest (Orc:2)
  A deep elf knight (Elf:1)
  Nergalle (Orc:2)
  A lindwurm (Lair:5)
  3 orc knights (Orc:2)
  An orange crystal statue (IceCv)
  3 orc sorcerers
  2 deep elf zephyrmancers (Elf:1)
  5 deep elf pyromancers
  5 cyclopes
  13 ugly things
  3 manticores (Lair:5)
  16 elephants
  10 black mambas
  A smoke demon (Volcano)
  2 molten gargoyles (Volcano)
  15 rime drakes
  15 cane toads
  A yaktaur (D:15)
  A rime drake (shapeshifter) (D:15)
  11 komodo dragons
  4 torpor snails
  Psyche (D:10)
  An efreet (D:14)
  2 tengu conjurers
  2 ice devils (D:14)
  2 red devils (Volcano)
  7 trolls
  2 wolf spider simulacra (D:14)
  21 polar bears
  29 blink frogs
  6 slime creatures (D:12)
  5 dream sheep (Lair:5)
  A snapping turtle (Lair:3)
  Sigmund (D:5)
  3 centaur simulacra (D:14)
  A shadow (D:9)
  31 yaks
  A vampire (D:12)
  6 humans
  7 wraiths (D:11)
  6 wyverns
  2 fire bats (Volcano)
  3 basilisks
  A steam dragon (Lair:3)
  9 vampire mosquitoes
  3 wargs (Orc:1)
  3 nagas (Lair:2)
  A hell hound (Volcano)
  2 acid dragons (D:12)
  12 water moccasins
  A meliai simulacrum (D:14)
  An ice beast (D:7)
  A sky beast (D:7)
  35 orc warriors
  2 black bears
  10 wolves
  9 ogres
  14 centaurs
  A phantom (D:5)
  9 bullfrogs
  A gnoll sergeant (D:9)
  4 scorpions
  15 wights
  14 killer bees
  9 howler monkeys
  2 electric eels (D:9)
  5 lava snakes (Volcano)
  7 jellies
  15 orc priests
  7 hounds
  An iguana (D:5)
  Crazy Yiuf (D:5)
  A gnoll bouda (D:7)
  2 sleepcaps
  21 orc wizards
  Ijyb (D:2)
  Robin (D:3)
  19 gnolls
  6 adders
  A shadow imp (D:6)
  3 white imps
  An ufetubus (D:7)
  2 dart slugs (D:1)
  99 orcs
  7 ball pythons
  7 endoplasms
  3 giant cockroaches
  18 goblins
  7 hobgoblins
  4 jackals (D:2)
  2 quokkas
  4 bats
  A frilled lizard (D:1)
  7 kobolds
  7 rats
734 creatures vanquished.

Vanquished Creatures (collateral kills)
  An orc knight (Orc:1)
  A gnoll (D:2)
  2 orcs (Orc:1)
4 creatures vanquished.

Vanquished Creatures (others)
  A rime drake (IceCv)
  An orc wizard (D:6)
  2 gnolls (D:2)
4 creatures vanquished.

Grand Total: 742 creatures vanquished

Notes
Turn   | Place    | Note
-------+----------+-------------------------------------------
     0 | D:5      | Amplified the Demonspawn Delver began the quest for the
                  | Orb.
     0 | D:5      | Reached XP level 1. HP: 18/18 MP: 1/1
    26 | D:5      | Noticed a phantom
   353 | D:3      | Noticed Robin
   363 | D:3      | Gained mutation: You have large cloven feet. [demonic
                  | ancestry]
   363 | D:3      | Reached XP level 2. HP: 21/24 MP: 2/2
   387 | D:3      | Killed Robin
   388 | D:3      | Reached skill level 1 in Short Blades
   388 | D:3      | Reached XP level 3. HP: 22/29 MP: 3/3
   502 | D:2      | Reached skill level 5 in Stealth
   623 | D:2      | Learned a level 1 spell: Slow
   642 | D:2      | Found Diwky's Weapon Emporium.
   718 | D:2      | Gained mutation: A meltable shield of frost defends you.
                  | (SH +4) [demonic ancestry]
   718 | D:2      | Reached XP level 4. HP: 37/37 MP: 4/4
   731 | D:2      | Noticed Ijyb
   754 | D:2      | Killed Ijyb
   853 | D:2      | Reached skill level 1 in Hexes
  1804 | D:3      | Reached XP level 5. HP: 42/42 MP: 5/5
  1883 | D:3      | Noticed an ogre
  1887 | D:3      | Killed an ogre
  1888 | D:3      | Reached skill level 1 in Axes
  1888 | D:3      | Reached skill level 1 in Armour
  2246 | D:4      | Reached XP level 6. HP: 47/49 MP: 6/6
  2635 | D:4      | Identified the +0 ring mail of Ilidauk {Str+5 Int+3 Dex+2}
  2911 | D:5      | Noticed Sigmund
  2922 | D:5      | Reached skill level 2 in Axes
  2923 | D:5      | Killed Sigmund
  2924 | D:5      | Reached skill level 5 in Fighting
  2924 | D:5      | Gained mutation: You have hoof-like feet. [demonic
                  | ancestry]
  2924 | D:5      | Reached XP level 7. HP: 47/56 MP: 7/7
  3050 | D:5      | Found a runed translucent door.
  3051 | D:5      | Noticed Crazy Yiuf
  3061 | D:5      | Killed Crazy Yiuf
  3125 | D:5      | Reached skill level 3 in Axes
  3217 | D:5      | Identified the +1 scale mail of Xuroik {Str-4 Int+4}
  3437 | D:6      | Gained mutation: You are partially covered in sharp spines.
                  | [demonic ancestry]
  3437 | D:6      | Reached XP level 8. HP: 64/64 MP: 8/8
  3531 | D:5      | Reached skill level 4 in Axes
  3564 | D:6      | Reached skill level 5 in Hexes
  3716 | D:6      | Gained mutation: You have hooves in place of feet. [demonic
                  | ancestry]
  3716 | D:6      | Reached XP level 9. HP: 71/71 MP: 9/9
  3850 | D:6      | Found a blossoming altar of Fedhas.
  4121 | D:6      | Reached skill level 5 in Axes
  4121 | D:6      | Reached skill level 5 in Armour
  4477 | D:7      | Learned a level 3 spell: Confusing Touch
  4837 | D:7      | Learned a level 4 spell: Cause Fear
  4964 | D:7      | Found a staircase to the Ecumenical Temple.
  5086 | Temple   | Entered the Ecumenical Temple
  5300 | Temple   | Became a worshipper of Gozag Ym Sagoz the Greedy
  5369 | D:8      | Reached skill level 6 in Axes
  5372 | D:8      | Reached XP level 10. HP: 55/80 MP: 10/10
  5996 | D:9      | Noticed a centaur warrior
  5996 | D:9      | Noticed a centaur warrior
  6249 | D:9      | Reached skill level 7 in Axes
  6411 | D:9      | Killed a centaur warrior
  6416 | D:9      | Killed a centaur warrior
  6447 | D:9      | Gained mutation: A meltable icy envelope protects you from
                  | harm. (AC +4) [demonic ancestry]
  6447 | D:9      | Reached XP level 11. HP: 88/89 MP: 11/11
  6458 | D:9      | Found a staircase to the Lair.
  6859 | D:10     | Entered Level 10 of the Dungeon
  6913 | D:10     | Noticed Fannar
  6927 | D:10     | Killed Fannar
  7054 | D:10     | Noticed Psyche
  7097 | D:10     | Killed Psyche
  7505 | D:10     | Noticed a two-headed ogre
  7512 | D:10     | Killed a two-headed ogre
  7718 | D:2      | Bought the +10 battleaxe "Amplified's Doom" {heavy, Fly
                  | rElec} for 1011 gold pieces
  7830 | D:2      | Found Dalir's Distillery.
  7840 | D:2      | Bought a potion of heal wounds for 50 gold pieces
  7840 | D:2      | Bought a potion of attraction for 30 gold pieces
  7982 | D:2      | Found Buvymaci's Weapon Boutique.
  8310 | D:11     | Reached skill level 8 in Axes
  8310 | D:11     | Noticed Josephine
  8315 | D:11     | Killed Josephine
  8320 | D:11     | Reached skill level 10 in Fighting
  8520 | D:11     | Found a staircase to the Orcish Mines.
  8675 | D:11     | Noticed a two-headed ogre
  8678 | D:11     | Killed a two-headed ogre
  8955 | D:11     | Gained mutation: You are mostly covered in sharp spines.
                  | [demonic ancestry]
  8955 | D:11     | Reached XP level 12. HP: 92/98 MP: 12/12
  9164 | D:12     | Noticed Urug
  9173 | D:12     | Killed Urug
  9174 | D:12     | Reached skill level 9 in Axes
  9174 | D:12     | Reached skill level 10 in Hexes
  9329 | D:12     | Noticed a boulder beetle
  9335 | D:12     | Killed a boulder beetle
  9581 | D:13     | Noticed a six-headed hydra
  9675 | Lair:1   | Entered Level 1 of the Lair of Beasts
  9868 | Lair:1   | Noticed a boulder beetle
  9891 | Lair:1   | Killed a boulder beetle
 10063 | Lair:1   | Bought a pair of glowing gloves for 217 gold pieces
 10673 | Lair:2   | Found a runed translucent door.
 10673 | Lair:2   | Noticed Coelui Ibad's ghost (journeyman MiBe)
 10684 | Lair:2   | Reached skill level 10 in Axes
 10749 | Lair:2   | Reached skill level 10 in Armour
 10792 | Lair:2   | Gained mutation: You are partially covered in thin metallic
                  | scales. (AC +2) [demonic ancestry]
 10792 | Lair:2   | Reached XP level 13. HP: 93/107 MP: 13/13
 10887 | Lair:2   | Found a staircase to the Snake Pit.
 11441 | Lair:3   | Found a dark tunnel.
 11474 | Volcano  | Entered a volcano
 11569 | Volcano  | Found a bloodstained altar of Trog.
 11929 | Lair:3   | Found a staircase to the Shoals.
 12558 | Lair:4   | Reached skill level 11 in Axes
 12616 | Lair:4   | Identified the +5 quarterstaff "Raleuzxe" {flame, rF-
                  | Int+8}
 13257 | Lair:5   | Entered Level 5 of the Lair of Beasts
 13257 | Lair:5   | Found a viscous altar of Jiyva.
 13257 | Lair:5   | Found a staircase to the Slime Pits.
 13576 | Lair:5   | Reached XP level 14. HP: 73/115 MP: 14/14
 13586 | Lair:5   | Reached skill level 12 in Axes
 13587 | Lair:5   | Found a shadowy altar of Dithmenos.
 13819 | Lair:5   | Learned a level 3 spell: Gell's Gravitas
 13891 | Lair:5   | Reached skill level 5 in Dodging
 14382 | Lair:5   | Reached skill level 13 in Axes
 15159 | Orc:1    | Entered Level 1 of the Orcish Mines
 15166 | Orc:1    | Noticed an orc warlord
 15172 | Orc:1    | Noticed an orc warlord
 15188 | Orc:1    | Killed an orc warlord
 15192 | Orc:1    | Killed an orc warlord
 15489 | Orc:2    | Entered Level 2 of the Orcish Mines
 15516 | Orc:2    | Found a staircase to the Elven Halls.
 15594 | Orc:2    | Noticed Nergalle
 15604 | Orc:2    | Reached XP level 15. HP: 74/121 MP: 15/15
 15622 | Orc:2    | Killed Nergalle
 15684 | Orc:2    | Reached skill level 14 in Axes
 15727 | Orc:2    | Found Zuomua Qyuw's Book Boutique.
 15744 | Orc:2    | Found Keqew's Antique Weapon Boutique.
 15816 | Orc:2    | Bought a book of Rime for 476 gold pieces
 16280 | Orc:2    | Found Kiti's General Store.
 16286 | Orc:2    | Bought a potion of resistance for 140 gold pieces
 16295 | Orc:2    | Found Taaxam's Antique Armour Boutique.
 16575 | D:11     | Bought a slimy plate armour for 896 gold pieces
 16575 | D:11     | Identified the +4 plate armour of the Weaver {rElec rC+}
                  | (You bought it in a shop on level 11 of the Dungeon)
 16575 | D:11     | Bought a pair of fine gloves for 304 gold pieces
 16575 | D:11     | Identified the +2 pair of gloves of Ilaisus {Will+} (You
                  | bought it in a shop on level 11 of the Dungeon)
 16588 | D:11     | Bought a +0 cloak of preservation for 184 gold pieces
 16726 | D:13     | Found Cheibriados's Comfort Zone.
 16726 | D:13     | Found a snail-covered altar of Cheibriados.
 16907 | D:13     | Found a gate to the Vaults.
 17713 | D:14     | Found a runed translucent gate.
 17713 | D:14     | Found a runed translucent gate.
 17714 | D:14     | Found a runed translucent gate.
 17951 | D:14     | Found Lioram's Assorted Antiques.
 17955 | D:14     | Bought a scintillating wooden ring for 190 gold pieces
 17955 | D:14     | Identified the ring "Cucw" {MP+9 Dex+3} (You bought it in a
                  | shop on level 14 of the Dungeon)
 17955 | D:14     | Bought a potion of might for 152 gold pieces
 18092 | D:14     | Noticed Amplified's ghost (journeyman DsRe)
 18142 | D:14     | Killed Amplified's ghost
 18205 | D:14     | Identified the +1 scale mail "Wiyduss" {+Blink rPois Slay-5
                  | Stlth+}
 18243 | D:15     | Entered Level 15 of the Dungeon
 18274 | D:15     | Found a frozen archway.
 18294 | IceCv    | Entered an ice cave
 18453 | IceCv    | Reached skill level 15 in Axes
 18554 | IceCv    | Noticed a frost giant
 18555 | IceCv    | Noticed a frost giant
 18577 | IceCv    | Killed a frost giant
 18587 | IceCv    | Killed a frost giant
 18691 | IceCv    | Identified the ring "Jutiz" {rElec Will+ Dex+7}
 19090 | D:15     | Noticed Agnes
 19097 | D:15     | Reached XP level 16. HP: 54/131 MP: 16/16
 19097 | D:15     | Killed Agnes
 19270 | D:15     | Found a staircase to the Depths.
 19754 | D:15     | Noticed Louise
 19761 | D:15     | Killed Louise
 19872 | D:15     | Bought a scroll of teleportation for 42 gold pieces
 19872 | D:15     | Bought 2 scrolls of teleportation for 84 gold pieces
 19872 | D:15     | Bought a scroll of magic mapping for 105 gold pieces
 19872 | D:15     | Bought a scroll of magic mapping for 105 gold pieces
 19872 | D:15     | Bought a scroll of torment for 133 gold pieces
 20016 | Elf:1    | Entered Level 1 of the Elven Halls
 20205 | Elf:1    | Found Kyagam's Book Shoppe.
 20300 | Elf:1    | Found a magical portal.
 20307 | WizLab   | Entered Wucad Mu's Monastery
 20367 | WizLab   | HP: 1/130 [grey draconian monk[old memories] (11)]
 20367 | WizLab   | Slain by a grey draconian monk

Illustrated notes

Levels and vault maps discovered:
D:1:      dpeg_arrival_shelter, layout_basic
D:2:      kennysheep_the_goblin_king, layout_basic, serial_shops, shop,
          nicolae_shop_temple_entry_statues_fountains, nicolae_shop_waterfront
D:3:      layout_loops_cross, uniq_robin
D:4:      layout_loops_ring, amcnicky_mini_rare_corridor_liquid
D:5:      layout_loops_ring, uniq_sigmund, uniq_crazy_yiuf_cottage
D:6:      layout_loops_ring, mainiacjoe_overflow_concentric_impassable,
          minmay_ruffians
D:7:      layout_gridville, minmay_temple_entry_arrows
D:8:      layout_rooms
D:9:      kennysheep_big_flooded_room, layout_irregular_city, erik_lair_island,
          minmay_misc_feat_nine_boxes
D:10:     layout_rooms, dk_noncrumbling_3, lightli_corner_chamber, uniq_psyche,
          uniq_fannar
D:11:     layout_loops_cross, hiddenorc2_lemuel, uniq_josephine
D:12:     layout_roguey, uniq_urug
D:13:     layout_irregular_city, erik_vaults_2, minmay_shop_chei
D:14:     layout_roguey, gammafunk_ghost_icy, serial_shops,
          nicolae_shop_pleasant_corner_grove
D:15:     grunt_enter_depths_hoard, layout_long_grid, minmay_misc_feat_doors,
          portal_ice_cave_entry_dragon, uniq_agnes, uniq_louise
Temple:   mainiacjoe_temple_archimedes_tessellation
Lair:1:   layout_cave_pods, beast_lair_carwin_9, grunt_megastairs_4
Lair:2:   layout_gridlike, minmay_snake_entry_guardpost_small,
          ebering_ghost_reflecting_pool, serial_bayou_shore_b,
          infiniplex_staircase_pool, serial_bayou_shore_b
Lair:3:   layout_long_grid, minmay_shoals_entry_hut,
          nicolae_volcano_entry_hallway
Lair:4:   layout_roguey
Lair:5:   hangedman_lair_in_review, layout_hall_layers,
          nicolae_slime_entry_field_trip, basic_altar, minmay_shattered_shrine
Orc:1:    layout_caves, basic_altar
Orc:2:    grunt_orc_cross, layout_caves
Elf:1:    layout_loops_ring, infiniplex_enter_wizlab_spiral, serial_shops,
          nicolae_shop_waterfront, hangedman_elf_disciples, dk_noncrumbling_2,
          uniq_donald
WizLab:   wizlab_wucad

Skill      XL: |  1  2  3  4  5  6  7  8  9 10 11 12 13 14 15 |
---------------+----------------------------------------------+-----
Short Blades   | 1 |  1.4
Stealth        | 5 |  5.3
Hexes          | 1 2 3 4 5 6 8 9 11 | 11.6
Fighting       | 4 5 6 8 9 10 11 12 13 | 13.9
Axes           | 1 2 3 4 6 7 8 10 11 13 15 | 15.5
Armour         | 1 2 3 4 6 7 8 10 11 12 | 12.7
Dodging        | 2 8 9 |  9.0
Long Blades    | |  1.9

Action                     |  1- 3 |  4- 6 |  7- 9 | 10-12 | 13-15 | 16-18 || total
---------------------------+-------+-------+-------+-------+-------+-------++-------
  Melee: Dagger            |    69 |   158 |   170 |       |       |       ||   397
         Falchion          |     8 |       |       |       |       |       ||     8
         Kick              |    15 |     6 |    41 |    93 |   218 |    21 ||   394
         Punch             |       |     2 |     5 |     1 |       |       ||     8
         War axe           |       |       |    65 |   159 |       |       ||   224
         Battleaxe         |       |       |       |   192 |   632 |    59 ||   883
  Throw: Throwing net      |       |     1 |     1 |       |     1 |     2 ||     5
         Dart              |       |     1 |       |       |       |       ||     1
 Invoke: Call Merchant     |       |       |       |     1 |     2 |     1 ||     4
         Potion Petition   |       |       |       |       |       |     1 ||     1
  Evoke: Wand              |     5 |     7 |     2 |    13 |    11 |     1 ||    39
         Lightning rod     |       |       |       |       |     3 |       ||     3
         Condenser vane    |       |       |       |       |     2 |       ||     2
    Use: Scroll            |     3 |     4 |     5 |     9 |    15 |     3 ||    39
         Potion            |     1 |     1 |       |     4 |    13 |     2 ||    21
   Stab: Sleeping          |     3 |    13 |     6 |     5 |    10 |       ||    37
         Distracted        |       |     1 |       |     6 |     7 |       ||    14
         Invisible         |       |       |       |     4 |       |       ||     4
         Held in net/web   |       |       |       |       |       |     1 ||     1
 Armour: Leather armour    |    23 |    22 |       |       |       |       ||    45
         Ring mail         |       |    16 |    64 |   125 |   227 |       ||   432
         Plate armour      |       |       |       |       |   143 |   130 ||   273
  Dodge: Dodged            |    38 |    85 |   135 |   313 |   696 |    97 ||  1364
  Block: Other             |       |    23 |    33 |    61 |   145 |    24 ||   286
